Description

bio against protoss

Build Order

Get SALT Encoding   

  14  00:19  Supply Depot  
  16  00:40  Barracks  
  17  0:45  Refinery  
  20  1:30  Reaper, Orbital Command  
  20  1:41  Command Center  
  20  1:52  Barracks  
  21  2:01  Barracks Reactor  
  21  2:06  Supply Depot  
  23  2:22  Barracks  
  24  2:35  Bunker  
  25  2:45  Barracks Tech Lab  
  25  2:56  Engineering Bay  
  25  2:59  Orbital Command  
  27  3:13  Barracks Reactor  
  28  3:22  Stimpack  
  31  3:32  Terran Infantry Weapons Level 1  
  40  4:06  Refinery  
  40  4:09  Factory  
  40  4:53  Starport  
  40  4:55  Factory Reactor  
  40  5:14  Refinery  
  40  5:24  Combat Shields  
  8  5:42  Medivac x2  
  40  6:09  Action  Move out
Spawning Tool Build Advisor. Get it on Overwolf

Go to:

Details

  • Created by: akomba
  • Published on: Mar 22, 2018
  • Modified on: Mar 23, 2018
  • Patch: 4.0.0
Show
View Real Time Build Order
Export as new Build Order

Comments (0)

There are no comments. Be the first!

Create an account to comment!